AoeStats
← | ArCas | Toruk Makto

Nomad

504307749Analyzed
4v4 RM · 27d ago on Sep 4, 2026· 48m 33s· 8 players
Game mode
Random Map
Map size
231×231
Population
200
Speed
Normal
Resources
Standard
Victory
Conquest
Starting age
Dark Age
Ending age
Imperial Age
RankedLock teamsTeams togetherTeam positionsShared explorationLock speedFull tech treeHidden civsTurbo modeCheats
Victory
Defeat
🇩🇪 Bohemians · Germany
1517
+10
🇩🇪 Malay · Germany
1497
+11
🇩🇪 Saracens · Germany
1399
+15
🇩🇪 Tatars · Germany
1172
+26
🇮🇳 Muisca · India
1413
-17
🇺🇸 Burgundians · United States
1392
-16
🇦🇷 Georgians · Argentina
1365
-15
🇦🇷 Italians · Argentina
1361
-14
ijkabob
5:56 Loom
13:54 Feudal Age
12:40 Double-Bit Axe
18:39 Bow Saw
25:36 Castle Age
25:10 Stone Mining
25:48 Gold Mining
37:30 Horse Collar
44:37 Wheelbarrow
48:57 Imperial Age
| ArCas | Toruk Makto
4:46 Loom
14:04 Feudal Age
18:12 Castle Age
16:21 Stone Mining
16:20 Double-Bit Axe
16:54 Forging
16:55 Horse Collar
19:59 Iron Casting
19:30 Scale Barding Armor
21:12 Gold Mining
23:33 Town Watch
29:28 Chain Barding Armor
32:26 Wheelbarrow
32:37 Bloodlines
36:27 Bow Saw
37:26 Fletching
37:42 Husbandry
40:02 Hand Cart
41:11 Stone Shaft Mining
46:42 Heavy Plow
50:45 Imperial Age
Chim cu đi tắm
13:16 Feudal Age
14:18 Loom
17:38 Castle Age
24:35 Double-Bit Axe
25:52 Bow Saw
31:46 Imperial Age
29:28 Horse Collar
30:20 Fletching
31:39 Ballistics
31:54 Bodkin Arrow
31:57 Gold Mining
33:39 Two-Man Saw
34:53 Bracer
38:47 Wheelbarrow
38:52 Horse Collar
39:54 Padded Archer Armor
41:08 Leather Archer Armor
Mezsar
4:39 Loom
14:06 Feudal Age
15:24 Wheelbarrow
14:35 Double-Bit Axe
19:32 Castle Age
18:49 Forging
18:44 Gold Mining
20:27 Medium Warships
21:37 Squires
22:50 Scale Mail Armor
28:13 Horse Collar
30:36 Bow Saw
35:58 Heavy Plow
38:59 Ballistics
42:41 Imperial Age
41:04 Chain Mail Armor
41:57 Gold Shaft Mining
41:59 Hand Cart
43:10 Iron Casting
42:58 Capped Ram
44:35 Plate Mail Armor
44:46 Elite Temple Guard
Kampfkekssss
4:27 Loom
12:43 Feudal Age
13:13 Town Watch
13:16 Double-Bit Axe
16:56 Fletching
17:08 Padded Archer Armor
24:18 Castle Age
25:36 Bodkin Arrow
26:14 Bow Saw
26:03 Fishing Lines
28:49 Fervor
28:54 Gillnets
31:12 Wheelbarrow
34:26 Imperial Age
34:00 Chemistry
34:09 Hand Cart
35:12 Bracer
38:14 Two-Man Saw
38:40 Siege Engineers
43:16 Leather Archer Armor
45:36 Horse Collar
Foolish_Jester
7:00 Loom
13:25 Feudal Age
16:29 Fletching
20:16 Castle Age
18:03 Double-Bit Axe
19:39 Fletching
21:26 Bow Saw
23:28 Wheelbarrow
23:46 Town Watch
25:26 Gold Mining
28:01 Horse Collar
32:38 Forging
32:27 Fishing Lines
34:34 Hand Cart
34:55 Scale Barding Armor
39:06 Imperial Age
38:37 Chain Barding Armor
38:57 Iron Casting
39:34 Bloodlines
39:25 Husbandry
40:23 Chain Barding Armor
41:05 Blast Furnace
40:35 Conscription
42:06 Elite Mameluke
44:10 Heavy Plow
45:00 Plate Barding Armor
46:03 Counterweights
47:45 Hoardings
Fleischwolf
5:29 Loom
12:53 Feudal Age
13:44 Double-Bit Axe
14:55 Town Watch
16:17 Fishing Lines
20:25 Castle Age
19:12 Fletching
20:40 Medium Warships
21:03 Bow Saw
29:03 Gillnets
30:25 Pikeman
35:35 Imperial Age
35:42 Imperial Age
33:28 Squires
34:46 Halberdier
36:16 Gold Mining
38:03 Conscription
45:49 Stone Mining
45:42 Horse Collar
47:07 Heavy Plow
47:43 Wheelbarrow
48:49 Forging
Jarrymo
8:19 Loom
13:53 Feudal Age
19:30 Castle Age
17:44 Fishing Lines
18:22 Padded Archer Armor
18:39 Stone Mining
20:52 Double-Bit Axe
21:09 Fletching
22:35 Bodkin Arrow
23:43 Bow Saw
27:50 Gillnets
29:23 Town Watch
29:45 Pikeman
31:16 Scale Mail Armor
32:08 Wheelbarrow
37:34 Squires
37:46 Forging
37:52 Elite Skirmisher
39:20 Leather Archer Armor
44:02 Forging
47:10 Crossbowman
Connection lost

Rejoining the realm…

Still unreachable

The connection could not be restored.

Session expired

The server has moved on; the page needs a fresh start.